 Dungeon Crawl Stone Soup version 0.20-a0-277-g7db01f4 (webtiles) character file.

811 FrankyJ the Charmwright (level 7, -1/52 HPs)
             Began as a Vampire Skald on Dec 12, 2016.
             Was an Initiate of Kikubaaqudgha.
             Slain by an iguana (13 damage)
             ... on level 5 of the Dungeon.
             The game lasted 00:32:35 (7495 turns).

FrankyJ the Charmwright (Vampire Skald)             Turns: 7495, Time: 00:32:36

Health: -1/52      AC:  4    Str: 13    XL:     7   Next: 61%
Magic:  6/10       EV: 13    Int: 14    God:    Kikubaaqudgha [......]
Gold:   297        SH:  6    Dex: 14    Spells: 1/10 levels left

rFire  . . .     SeeInvis +     j - +2 short sword (freeze)
rCold  + . .     Gourm    .     b - +0 leather armour
rNeg   + + .     Faith    .     h - +1 buckler
rPois  +         Spirit   .     (no helmet)
rElec  .         Reflect  .     (no cloak)
rCorr  .         Harm     .     E - +0 pair of gloves
MR     .....                    (no boots)
Stlth  +++.......               (no amulet)
                                (no ring)
                                (no ring)

@: infused, regenerating slowly
A: fangs 3, see invisible, unbreathing
a: Bat Form, Renounce Religion


You were on level 5 of the Dungeon.
You worshipped Kikubaaqudgha.
Kikubaaqudgha was noncommittal.
You were very thirsty.

You visited 2 branches of the dungeon, and saw 6 of its levels.

You collected 297 gold pieces.

Inventory:

Hand Weapons
 j - a +2 short sword of freezing (weapon)
 o - a +4 club
 t - a +0 falchion
 x - a +0 rapier
 y - a +3 quarterstaff
Missiles
 a - 26 poisoned needles
 m - 2 javelins (quivered)
 v - 5 tomahawks
Armour
 b - a +0 leather armour (worn)
 e - a +0 chain mail of magic resistance
 h - a +1 buckler (worn)
 E - a +0 pair of gloves (worn)
Wands
 z - a wand of lightning (11/15)
 A - a wand of slowing (13/48)
 D - a wand of enslavement (12/24)
Scrolls
 f - a scroll of amnesia {unknown}
 g - a scroll of magic mapping
 n - 3 scrolls of identify
 u - a scroll of remove curse
Potions
 d - 3 potions of blood
 i - a potion of resistance {unknown}
 k - a potion of curing {unknown}
 l - a potion of magic {unknown}
 q - a potion of lignification {unknown}
 r - a potion of haste {unknown}
 s - a potion of might {unknown}
 B - a potion of invisibility {unknown}
Books
 c - a book of Battle

   Spells                             Type                      Level
   a - Infusion                       Charms                       1
   b - Shroud of Golubria             Charms/Translocation         2
   c - Song of Slaying                Charms                       2
   d - Spectral Weapon                Hexes/Charms                 3
   e - Regeneration                   Charms/Necromancy            3
 w - a book of Minor Magic

   Spells                             Type                      Level
   a - Magic Dart                     Conjuration                  1
   b - Blink                          Translocation                2
   c - Call Imp                       Summoning                    2
   d - Repel Missiles                 Charms/Air                   2
   e - Slow                           Hexes                        2
   f - Conjure Flame                  Conjuration/Fire             3
   g - Mephitic Cloud                 Conjuration/Poison/Air       3


   Skills:
 - Level 3.0 Fighting
 - Level 2.1 Short Blades
 - Level 2.2 Armour
 - Level 4.1 Dodging
 - Level 3.1 Stealth
 - Level 4.1 Shields
 - Level 2.0 Spellcasting
 + Level 5.1 Charms
 - Level 1.0 Translocations


You had one spell level left.
You knew the following spells:

 Your Spells              Type           Power        Failure   Level  Hunger
a - Infusion              Chrm           ###.         4%          1    ##.....
b - Shroud of Golubria    Chrm/Tloc      ##........   14%         2    ###....
c - Song of Slaying       Chrm           ###.....     8%          2    ###....
d - Spectral Weapon       Hex/Chrm       #.......     34%         3    ####...
e - Magic Dart            Conj           #...         30%         1    ##.....


Dungeon Overview and Level Annotations

Branches:
Dungeon (5/15)             Temple (1/1) D:4

Altars:
Ashenzari
Cheibriados
Dithmenos
Elyvilon
Fedhas
Gozag
Kikubaaqudgha
Makhleb
Nemelex Xobeh
Okawaru
Qazlal
Ru
Sif Muna
Trog
Uskayaw
Vehumet
Xom
Yredelemnul
Zin
The Shining One

Annotations:
D:3 exclusion: downstairs
D:5 BluePsion's ghost, novice GrGl


Innate Abilities, Weirdness & Mutations

You heal slowly.
You have razor-sharp teeth.
You have supernaturally acute eyesight. (SInv)
You can survive without breathing.


Message History

The iguana is lightly wounded.
The iguana bites you!
Casting: Infusion
Confirm with . or Enter, or press ? or * to list all spells.
Space distorts slightly along a thin shroud covering your body.
The iguana closely misses you.
Casting: Shroud of Golubria
Confirm with . or Enter, or press ? or * to list all spells.
You begin infusing your attacks with magical energy.
The iguana bites you!
* * * LOW HITPOINT WARNING * * *
You hit the iguana. You freeze the iguana.
The iguana is severely wounded.
The iguana completely misses you.
You hit the iguana.
The iguana seems to slow down.
You freeze the iguana. Your bite misses the iguana.
The iguana is almost dead.
The iguana bites you!
You die...
Kikubaaqudgha rasps: "You have failed me!
Welcome... oblivion!"

#####
###########
#...#
/.........#
#...###
.?........#
#......
..........#
#....#.
.......@..#
#......
.......l..#
#...##.
.............
######.
..........#....
##
..........#....
# .........>#
.!. #
.......#### ...
....... ####
#...


You could see an iguana.

Vanquished Creatures
  Grinder (D:5)
  Blork the orc (D:4)
  A howler monkey (D:4)
  A crimson imp (D:5)
  A bullfrog skeleton (D:5)
  An orc priest (D:3)
  2 hounds
  A centaur skeleton (D:4)
  Jessica (D:2)
  Terence (D:3)
  2 orc wizards
  3 worker ants (D:4)
  5 adders
  A worm (D:3)
  3 dart slugs
  4 leopard geckos
  16 orcs
  2 giant cockroaches
  5 goblins
  3 hobgoblins (D:1)
  3 jackals (D:1)
  2 quokkas (D:2)
  A ball python (D:5)
  8 bats
  3 frilled lizards
  8 kobolds
  7 rats
87 creatures vanquished.

Vanquished Creatures (collateral kills)
  An iguana (D:5)
1 creature vanquished.

Vanquished Creatures (others)
  An adder (D:2)
  A hobgoblin (D:2)
2 creatures vanquished.

Grand Total: 90 creatures vanquished

Notes
Turn   | Place    | Note
-------+----------+-------------------------------------------
     0 | D:1      | FrankyJ the Vampire Skald began the quest for the Orb.
     0 | D:1      | Reached XP level 1. HP: 16/16 MP: 3/3
     2 | D:1      | Noticed a felid
     4 | D:1      | Noticed a troll
     4 | D:1      | Noticed a demigod
     6 | D:1      | Noticed a draconian
     6 | D:1      | Noticed a tengu
     8 | D:1      | Noticed a gargoyle
     8 | D:1      | Noticed a human
    10 | D:1      | Noticed a vampire
    12 | D:1      | Noticed a vine stalker
    12 | D:1      | Noticed a ghoul
    14 | D:1      | Noticed an octopode
    14 | D:1      | Noticed a minotaur
    16 | D:1      | Noticed a merfolk
    18 | D:1      | Noticed a centaur
    18 | D:1      | Noticed an ogre
    20 | D:1      | Noticed a spriggan
    20 | D:1      | Noticed a dwarf
    22 | D:1      | Noticed a formicid
    22 | D:1      | Noticed a naga
    24 | D:1      | Noticed a halfling
    24 | D:1      | Noticed an elf
    26 | D:1      | Noticed a demonspawn
    44 | D:1      | Reached skill level 1 in Armour
    44 | D:1      | Reached skill level 1 in Stealth
   181 | D:1      | Reached XP level 2. HP: 22/22 MP: 0/5
   221 | D:1      | Learned a level 2 spell: Shroud of Golubria
   224 | D:1      | Learned a level 2 spell: Song of Slaying
  1070 | D:2      | Reached skill level 1 in Shields
  1070 | D:2      | Reached XP level 3. HP: 27/27 MP: 0/6
  1375 | D:2      | Found a radiant altar of Vehumet.
  1376 | D:2      | Found a glowing golden altar of the Shining One.
  1712 | D:2      | Noticed Jessica
  1731 | D:2      | Killed Jessica
  1731 | D:2      | Reached XP level 4. HP: 26/33 MP: 0/7
  2398 | D:3      | Noticed Grinder
  2413 | D:3      | Paralysed by Grinder for 6 turns
  2662 | D:3      | Noticed Terence
  2679 | D:3      | Killed Terence
  2679 | D:3      | Reached skill level 1 in Translocations
  2922 | D:3      | Reached XP level 5. HP: 38/38 MP: 3/8
  4019 | D:4      | Reached XP level 6. HP: 24/44 MP: 0/9
  4028 | D:4      | Noticed Blork the orc
  4929 | D:4      | Found a staircase to the Ecumenical Temple.
  4938 | Temple   | Entered the Ecumenical Temple
  4945 | Temple   | Became a worshipper of Kikubaaqudgha
  5216 | D:4      | Killed Blork the orc
  5375 | D:4      | Learned a level 3 spell: Spectral Weapon
  5377 | D:4      | Learned a level 1 spell: Magic Dart
  5395 | D:5      | Entered Level 5 of the Dungeon
  5479 | D:5      | Reached XP level 7. HP: 50/50 MP: 0/10
  6352 | D:5      | Paralysed by Grinder for 6 turns
  6371 | D:5      | Killed Grinder
  6371 | D:5      | Reached skill level 4 in Charms
  7199 | D:5      | Noticed BluePsion's ghost (novice GrGl)
  7330 | D:5      | Reached skill level 5 in Charms
  7495 | D:5      | Slain by an iguana

Vault maps used:
D:1:      kb_arrival_jail
D:2:      fiery_altar_vehumet, lemuel_crystal_altar, first_bread, uniq_jessica
D:3:      uniq_grinder, uniq_terence
D:4:      uniq_blork_the_orc
D:5:      kennysheep_little_box
Temple:   nicolae_temple_no_exploring_needed

Skill      XL: |  1  2  3  4  5  6  7 |
---------------+----------------------+-----
Armour         | 1 2 |  2.2
Stealth        | 1 3 |  3.1
Fighting       | 2 3 |  3.0
Shields        | 1 2 3 4 |  4.1
Dodging        | 2 3 4 |  4.1
Translocations | 1 |  1.0
Charms         | 5 |  5.1
Short Blades   | |  2.1
Spellcasting   | |  2.0

Action                   |  1- 3 |  4- 6 |  7- 9 || total
-------------------------+-------+-------+-------++-------
Melee: Short sword       |    78 |   172 |    68 ||   318
       Bite              |     5 |    11 |     5 ||    21
Throw: Javelin           |       |       |     2 ||     2
 Cast: Infusion          |    16 |    20 |    10 ||    46
       Shroud of Golubri |     9 |    21 |    11 ||    41
       Song of Slaying   |     6 |     4 |     2 ||    12
       Magic Dart        |       |     3 |     4 ||     7
  Use: Potion            |     3 |    13 |     5 ||    21
       Scroll            |       |     6 |     5 ||    11
 Stab: Sleeping          |     3 |     2 |       ||     5
Armor: Leather armour    |    18 |    40 |     7 ||    65
Dodge: Dodged            |    44 |   111 |    43 ||   198
Block: Buckler           |       |       |     2 ||     2
